[Event "7th Sharjah Challengers 2024"]
[Site "Sharjah"]
[Date "2024.05.22"]
[Round "9.1"]
[White "Divya Deshmukh"]
[Black "Garifullina, Leya"]
[Result "1/2-1/2"]
[ECO "A07"]
[WhiteElo "2443"]
[BlackElo "2431"]
[Annotator "TA"]
[PlyCount "99"]
[EventDate "2024.05.13"]
[EventType "swiss"]
[EventCountry "UAE"]
[SourceTitle "playchess.com"]
[Source "ChessBase"]
[SourceQuality "1"]
[TimeControl "5400+30"]

1. Nf3 d5 2. g3 Bg4 3. Bg2 e6 4. h3 Bh5 5. O-O Nf6 {[%emt 0:00:06] [#]} 6. c4 $1 c6 7. d4 Nbd7 8. Ne5 {[%emt 0:00:11] The position is equal.} Nxe5 9. dxe5 Nd7 10. cxd5 cxd5 11. Nc3 Bc5 12. g4 Bg6 13. Bf4 O-O (13... h5 {seems wilder.} 14. e4 hxg4 15. hxg4 Qh4) 14. e4 d4 15. Na4 b5 (15... b6 $11) 16. Nxc5 $16 Nxc5 17. Re1 Rc8 18. Qd2 d3 19. Rad1 a5 20. Bg5 Qb6 (20... Qd4 $14 {might be stronger.}) 21. Qe3 Qc7 (21... h6 $14 {feels stronger.} 22. Be7 Rfe8) 22. f4 h6 23. Bh4 Na4 24. Rd2 Qc5 25. Qxc5 Nxc5 26. Be7 Rfe8 27. Bxc5 Rxc5 28. Rxd3 Bh7 29. Rc3 Rxc3 30. bxc3 {[%emt 0:00:01][%mdl 4096] Endgame. KRB-KRB} g5 31. f5 Rc8 32. Rb1 Rc5 33. Bf1 Rxe5 34. Rxb5 Rxe4 35. Rb8+ Kg7 {[%emt 0:00:23] [#]} 36. f6+ Kxf6 {[%emt 0:00:07] Hoping for ...Ra4.} 37. Bd3 Re3 38. Bxh7 Rxh3 $11 {[%emt 0:00:21][%cal Oh3h4] KRB-KR} 39. c4 Rc3 (39... Rh4 $11) 40. Rc8 $1 $14 Ke5 (40... Rg3+ $2 41. Kf2 Rxg4 42. Bd3 $16) 41. Bg8 ({Better is} 41. Kf2 $1 $16) 41... f5 42. Re8 Kf4 43. Rxe6 {[%emt 0:00:22] aiming for gxf5.} Kxg4 (43... Kf3 $11) 44. Re2 (44. Rxh6 $16 {Kf2 would now be deadly.} Kg3 45. Kf1) 44... f4 {[%emt 0:01:28] [#]} (44... Kg3 $11 45. Rg2+ Kf4) 45. Kf2 $1 $16 {[%emt 0:00:47] And now Be6+ would win.} Kh3 $2 {[%emt 0:01:12] [#]} (45... Kf5 $1 $14) 46. Re6 $2 (46. Re1 $1 $18 {[%cal Re1h1] White wants to mate with Rh1+.} Rc2+ 47. Kf3 Rc3+ 48. Ke4) 46... Rc2+ 47. Kf3 ({Don't play} 47. Re2 Rc1 $16 (47... Rxe2+ $2 48. Kxe2 g4 49. c5 $18)) 47... Rc3+ 48. Kf2 Rc2+ 49. Kf3 ({Don't take} 49. Re2 $6 Rc1 $16 (49... Rxe2+ $2 50. Kxe2 g4 51. Kf1 $18)) 49... Rc3+ 50. Ke4 {[%emt 0:02:27] Weighted Error Value: White=0.21 (precise) /Black=0.24 (precise) .  Loses game:     	---       	Black=1      Missed win:     	White=1     	---        Mistake:       	White=2     	Black=6      Inaccurate:     	White=5     	Black=1      OK:         	White=17    	Black=19     Best:        	White=3     	Black=5      Strong:       	White=2     	---} 1/2-1/2

[Event "7th Sharjah Challengers 2024"]
[Site "Sharjah"]
[Date "2024.05.22"]
[Round "9.2"]
[White "Lashkin, Jegor"]
[Black "Burmakin, Vladimir"]
[Result "1/2-1/2"]
[ECO "D94"]
[WhiteElo "2449"]
[BlackElo "2483"]
[Annotator "TA"]
[PlyCount "63"]
[EventDate "2024.05.13"]
[EventType "swiss"]
[EventCountry "UAE"]
[SourceTitle "playchess.com"]
[Source "ChessBase"]
[SourceQuality "1"]
[TimeControl "5400+30"]

1. d4 d5 2. c4 c6 3. Nc3 Nf6 4. e3 g6 5. Nf3 Bg7 6. Be2 O-O 7. O-O Bg4 8. cxd5 Nxd5 9. h3 Bxf3 10. Bxf3 e6 11. e4 Nxc3 12. bxc3 e5 {[%emt 0:00:06] White is slightly better.} 13. Be3 Nd7 14. Rb1 b6 15. Qb3 Qc7 16. Rbd1 c5 17. dxe5 {[%emt 0:07:54] White is more active.} Nxe5 18. Be2 Rad8 19. Rxd8 Rxd8 20. Rd1 Nc6 21. Rxd8+ Nxd8 22. Bd2 Qd6 23. Qc2 Ne6 24. Qd3 Qc7 25. Qd5 h5 26. h4 Nf4 27. Qa8+ Kh7 28. Bf1 ({White should try} 28. Bc4 $14) 28... Qd6 $1 $11 {[%emt 0:03:08] The position is equal.} 29. Be3 Bxc3 30. Qxa7 Kg7 31. Bc4 (31. g3 $5 Ne6 $8 32. Bc4 $11) 31... Ne6 32. Qb7 {[%emt 0:05:13] Weighted Error Value: White=0.12 (very precise) /Black=0.11 (very precise) .  Mistake:       	White=1     	---        Inaccurate:     	White=4     	Black=2      OK:         	White=10    	Black=6      Best:        	White=1     	Black=1      Strong:       	---       	Black=1} 1/2-1/2

[Event "7th Sharjah Challengers 2024"]
[Site "Sharjah"]
[Date "2024.05.22"]
[Round "9.3"]
[White "Movahed, Sina"]
[Black "Nitish Belurkar"]
[Result "1-0"]
[ECO "B45"]
[WhiteElo "2464"]
[BlackElo "2451"]
[Annotator "TA"]
[PlyCount "77"]
[EventDate "2024.05.13"]
[EventType "swiss"]
[EventCountry "UAE"]
[SourceTitle "playchess.com"]
[Source "ChessBase"]
[SourceQuality "1"]
[TimeControl "5400+30"]

1. e4 c5 2. Nf3 e6 3. d4 cxd4 4. Nxd4 Nf6 5. Nc3 Nc6 6. Nxc6 bxc6 7. e5 Nd5 8. Ne4 Bb7 9. Nd6+ Bxd6 10. exd6 c5 11. c4 {[%emt 0:00:04] The position is equal.} Nb4 12. a3 Nc6 13. Be3 Qf6 14. Qd2 Rb8 15. Bxc5 Ba6 $1 16. Bb4 ({Avoid the trap} 16. O-O-O $2 Na5 17. Bd4 Nb3+ 18. Kc2 Qg6+ 19. Bd3 Nxd4+ $19) 16... Nd4 $1 17. Qc3 {[%emt 0:06:56] Prevents Nb3} O-O 18. O-O-O e5 19. Kb1 Rfc8 20. Bd3 Qxf2 21. Rdf1 Qh4 22. Re1 Qf6 (22... f6 $11) 23. Re3 $1 $14 Qe6 24. Rc1 ({White should play} 24. Rhe1 $11 Bxc4 25. Rxe5 Ba2+ 26. Ka1 Rxc3 27. Bxc3 (27. Rxe6 Bxe6 28. Bxc3 Nb3+ 29. Kb1 Nc5 $14)) 24... f6 $15 25. g4 Qxg4 26. Rg3 Qh4 (26... Qh5 $17) 27. Rcg1 $36 {[%emt 0:02:27][%mdl 2048] White is pushing.} Ne6 28. Rg4 Qh5 29. Qe1 {[%emt 0:01:38] Threatens to win with Rh4.} Qf7 $1 30. Qf1 Kh8 (30... g5 $1 $11) 31. Bxh7 $16 {[%emt 0:10:16] White is much more active. A strong pair of Bishops.} g5 $2 {[%emt 0:00:46][%mdl 8192] This move loses the game for Black.} (31... Kxh7 $16 32. Rh4+ Kg8) 32. Bd3 $18 {[%emt 0:03:18][%cal Og4g5] Rxg5! is the strong threat.} Nf4 {[%emt 0:00:47] [#]} 33. Rxf4 {[%emt 0:01:14][%mdl 512] White mates.} exf4 (33... Bxc4 34. Qh3+) 34. Qh3+ Kg8 {[%emt 0:00:03][%cal Bh8g8,Bg8f8,Bf8e8][%mdl 32] [#]} 35. Rxg5+ $3 fxg5 36. Bc3 Qe6 37. Qh7+ Kf8 38. Qg7+ Ke8 39. Bg6+ {[%emt 0:00:04] Weighted Error Value: White=0.07 (flawless) /Black=0.46.  Loses game:     	---       	Black=1      Mistake:       	White=1     	Black=3      Inaccurate:     	White=1     	Black=2      OK:         	White=10    	Black=10     Best:        	White=3     	Black=3      Strong:       	White=1     	Black=3      Brilliant:      	White=1     	---} 1-0

[Event "7th Sharjah Challengers 2024"]
[Site "Sharjah"]
[Date "2024.05.22"]
[Round "9.4"]
[White "Delgado Ramirez, Neuris"]
[Black "Baranciuc, Alexandr"]
[Result "1/2-1/2"]
[ECO "A12"]
[WhiteElo "2489"]
[BlackElo "2333"]
[Annotator "TA"]
[PlyCount "129"]
[EventDate "2024.05.13"]
[EventType "swiss"]
[EventCountry "UAE"]
[SourceTitle "playchess.com"]
[Source "ChessBase"]
[SourceQuality "1"]
[TimeControl "5400+30"]

1. Nf3 d5 2. g3 Bf5 3. Bg2 c6 4. O-O Nf6 5. d3 e6 6. b3 Nbd7 7. Bb2 h6 8. c4 Be7 9. Nbd2 O-O 10. Rc1 a5 11. a3 Bh7 12. Qc2 Bd6 13. Qb1 Qe7 14. Qa1 Rfe8 15. Rfe1 Qf8 16. Nf1 Rad8 17. Ne3 Qe7 18. cxd5 exd5 19. Nd4 Be5 20. Ndf5 Qf8 21. Bxe5 Nxe5 22. Qb2 Nfg4 23. Nxg4 Nxg4 24. Nd4 h5 25. Nf3 (25. b4 $14) 25... Qd6 26. b4 axb4 27. axb4 Ra8 28. Ra1 Bf5 29. h3 Nf6 30. Ra5 Rxa5 31. bxa5 Qc7 32. Ra1 Ra8 33. Nd4 Bc8 34. Qc3 Ra6 35. e3 Nh7 36. h4 (36. Bxd5 $14 Bxh3 37. Bc4) 36... Nf8 $2 (36... Qe5 $11 {and Black is okay.}) 37. Bxd5 $18 Qe5 38. Bf3 Ne6 39. Ne2 Qf5 (39... Qxc3 $16 40. Nxc3 Nc5) 40. Bg2 $18 g5 41. e4 Qg6 (41... Qc5 $142) 42. hxg5 $1 $18 Qxg5 43. d4 h4 44. d5 Nc7 (44... Nf8 $142 45. gxh4 Qxh4) 45. gxh4 $18 Qxh4 46. Qe5 Qd8 47. Ra3 cxd5 48. exd5 (48. Nf4 $142 dxe4 49. Bxe4 (49. Rg3+ Kf8 $18)) 48... Rg6 $18 49. Rg3 Nb5 $2 (49... Ne8 {was necessary.} 50. Rxg6+ fxg6) 50. Rxg6+ $18 fxg6 51. Nf4 Bf5 $2 (51... Nd6 {is a better defense.} 52. Nxg6 Kf7) 52. Ne6 $18 Qe7 53. Qb8+ Kh7 54. Qh2+ Kg8 55. Qh6 Nc7 56. Ng5 (56. d6 $142 Qxe6 57. dxc7 Qe1+ 58. Bf1) 56... Qg7 $2 (56... Ne8 57. Bf3 Nd6) 57. Qh4 (57. Qxg7+ $142 Kxg7 58. Ne6+ Bxe6 59. dxe6) 57... Ne8 $18 58. Qb4 $2 (58. Bh3 $18) 58... Qa1+ $1 $11 59. Kh2 Qh8+ $2 {[%emt 0:00:13] [#]} (59... Qe5+ $11 60. f4 Qe3) 60. Kg3 $1 $18 Qe5+ 61. f4 $2 (61. Qf4 $18 Qc3+ 62. Qe3 Qc7+ 63. f4) 61... Qe3+ $11 62. Kh2 $2 (62. Nf3 $11 Nf6 63. Qxb7 Nh5+ 64. Kh2 Qxf4+ 65. Kg1) 62... Nf6 $19 63. Bf3 Qf2+ 64. Kh1 {[%emt 0:00:03] [#]} Qf1+ $2 ({Better is} 64... Ne4 $1 $19 {[%cal Re4g3] ( -> ...Ng3#)} 65. Bxe4 Qf1+ 66. Kh2 Qxf4+ 67. Kg2 Qxg5+ 68. Kf3 Bg4+ 69. Kf2 Qf4+ 70. Ke1 Bf3 (70... Qe3+ $2 71. Kf1 $19)) 65. Kh2 1/2-1/2

[Event "7th Sharjah Challengers 2024"]
[Site "Sharjah"]
[Date "2024.05.22"]
[Round "9.5"]
[White "Mohammad Fahad, Rahman"]
[Black "Mendes Aaron Reeve"]
[Result "0-1"]
[ECO "B15"]
[WhiteElo "2435"]
[BlackElo "2307"]
[Annotator "RC"]
[PlyCount "136"]
[EventDate "2024.05.13"]
[EventType "swiss"]
[EventCountry "UAE"]
[SourceTitle "playchess.com"]
[Source "ChessBase"]
[SourceQuality "1"]
[TimeControl "5400+30"]

1. e4 c6 2. d4 d5 3. Nd2 dxe4 4. Nxe4 Nf6 5. Nxf6+ exf6 6. c3 Bd6 7. Bd3 O-O 8. Qc2 h5 9. Ne2 Re8 10. Be3 Nd7 11. O-O-O Nf8 12. c4 Be6 13. Kb1 Rc8 14. a3 Ng6 15. Nc3 Ne7 16. Rhe1 a6 17. Bc1 Qd7 18. Na4 Rcd8 19. Bh7+ Kh8 20. Be4 b5 21. Nc5 Bxc5 22. dxc5 Qc7 23. cxb5 axb5 24. Qe2 g6 25. Qf3 Kg7 26. h3 Rxd1 27. Rxd1 Bd5 28. Bf4 Qc8 29. Bxd5 Nxd5 30. Bd2 Re5 31. Re1 Qe6 32. Rxe5 fxe5 33. Qe4 f5 34. Qh4 Nf6 35. f3 Qd5 36. Bc3 Kf7 37. Qg5 Qxc5 38. g4 hxg4 39. hxg4 Qg1+ 40. Ka2 Qg3 41. Qe3 Nd7 42. Qd2 Ke6 43. gxf5+ gxf5 44. Qe3 Qh3 45. Qe2 Qh4 46. Bb4 Qd4 47. Qg2 Nf6 48. Bc3 Qc4+ 49. Ka1 Qd5 50. Qg3 c5 51. f4 b4 52. Bxe5 Ng4 53. axb4 cxb4 54. Kb1 b3 55. Kc1 Nxe5 56. fxe5 Qc4+ 57. Kd2 Qd4+ 58. Kc1 Qd5 59. Qg7 Qc4+ 60. Kd2 Qd4+ 61. Kc1 Qe3+ 62. Kd1 Qd3+ 63. Ke1 Qb1+ 64. Kf2 Qxb2+ 65. Kf3 Qc3+ 66. Kg2 Qd2+ 67. Kh3 Qe3+ 68. Kg2 Qe2+ 0-1

[Event "7th Sharjah Challengers 2024"]
[Site "Sharjah"]
[Date "2024.05.22"]
[Round "9.6"]
[White "Abdulrahim, Salem"]
[Black "Ahmad, Al Khatib"]
[Result "0-1"]
[ECO "B91"]
[WhiteElo "1824"]
[BlackElo "2380"]
[Annotator "TA"]
[PlyCount "80"]
[EventDate "2024.05.13"]
[EventType "swiss"]
[EventCountry "UAE"]
[SourceTitle "playchess.com"]
[Source "ChessBase"]
[SourceQuality "1"]
[TimeControl "5400+30"]

1. e4 c5 2. Nf3 d6 3. d4 cxd4 4. Nxd4 Nf6 5. Nc3 a6 6. g3 e5 7. Nb3 Be7 8. a4 O-O 9. Bg2 Be6 10. O-O Nbd7 11. Re1 Qc7 12. Nd2 Bd8 13. Nf1 {[%emt 0:01:06] The position is equal.} Qc5 14. Ne3 Ba5 15. Bd2 Rfc8 16. Ncd5 Bxd5 17. exd5 Bxd2 18. Qxd2 g6 19. a5 b5 (19... Ne8 $11 {remains equal.}) 20. axb6 $16 Nxb6 21. b3 (21. Ra5 $14 Qd4 22. Qc1 (22. Qxd4 $2 exd4 23. Nf1 Rxc2 $19)) 21... a5 $11 22. c4 a4 23. b4 (23. Nf5 $11 {keeps the balance.} axb3 (23... gxf5 24. b4 $14) 24. Ne7+ Kg7 25. Nxc8 Nxc4 (25... Qxc8 26. Rxa8 Qxa8 27. Qb4 $16) (25... Rxc8 26. Qb2 $11) 26. Qd3 Rxa1 27. Rxa1) 23... Qd4 24. Qc2 (24. Qxd4 $2 exd4 25. Nf1 Rxc4 $19) (24. Qe2 $1 $15) 24... Nxc4 $19 25. Rxa4 Rxa4 (25... Nxe3 26. fxe3 Qb6 (26... Rxc2 $2 27. Rxa8+ Kg7 28. exd4 $18) 27. Rxa8 Rxa8 28. h3) 26. Qxa4 Nxe3 27. fxe3 Qb6 (27... Qb2 $19 28. Qa1 Qxb4) 28. Qb3 {[%emt 0:17:44] [#]} (28. Qa5 $17 Rb8 29. Qxb6 Rxb6 30. Rb1) 28... Rb8 $1 29. Rc1 {[%emt 0:03:15] [#]} Ng4 $1 $40 {[%emt 0:04:07][%mdl 128] White is in trouble.} (29... Qxb4 $2 30. Rc8+ Kg7 31. Rxb8 $18) 30. Rc6 $2 (30. Re1) 30... Qxb4 ({Weaker is} 30... Qxe3+ 31. Qxe3 Nxe3 32. Rxd6 $17) 31. Qxb4 ({Don't play} 31. Rc8+ Kg7 32. Qxb4 Rxb4 $17) 31... Rxb4 {[%emt 0:00:06][%mdl 4096] Endgame. KRB-KRN} 32. Bf3 Rb1+ ({Much less strong is} 32... Nxe3 33. Rxd6 Kf8 34. Kf2 $19) 33. Kg2 Nxe3+ 34. Kh3 $2 (34. Kf2 Nf5 35. Bg2 Rb2+ 36. Kg1) 34... Rf1 35. Be4 f5 36. Bd3 Rd1 37. Be2 Rd2 38. Ba6 Ng4 {[%emt 0:00:24][%csl Gg4][%cal Rd2h2] Black mates.} 39. Kh4 Rxh2+ 40. Kg5 Rh5# {[%emt 0:00:04] Weighted Error Value: White=1.00/Black=0.18 (very precise) .  Loses game:     	White=1     	---        Mistake:       	White=5     	Black=2      Inaccurate:     	White=1     	Black=2      OK:         	White=3     	Black=11     Best:        	White=2     	Black=2      Strong:       	---       	Black=1} 0-1

[Event "7th Sharjah Challengers 2024"]
[Site "Sharjah"]
[Date "2024.05.22"]
[Round "9.7"]
[White "Suyarov, Mukhammadzokhid"]
[Black "Aradhya, Garg"]
[Result "0-1"]
[ECO "C88"]
[WhiteElo "2431"]
[BlackElo "2388"]
[Annotator "TA"]
[PlyCount "94"]
[EventDate "2024.05.13"]
[EventType "swiss"]
[EventCountry "UAE"]
[SourceTitle "playchess.com"]
[Source "ChessBase"]
[SourceQuality "1"]
[TimeControl "5400+30"]

1. e4 e5 2. Nf3 Nc6 3. Bb5 a6 4. Ba4 Nf6 5. O-O Be7 6. Re1 b5 7. Bb3 O-O 8. h3 Bb7 9. d3 d5 10. exd5 Nxd5 11. Nbd2 Qd7 {[%emt 0:09:36] The position is equal.} 12. Nf1 Rae8 13. Nxe5 Nxe5 14. Rxe5 c5 15. Ne3 ({White should play} 15. Qg4 $14 Qd6 16. Rf5) 15... Nf6 16. Nf5 $2 {[%emt 0:07:43][%mdl 8192] [#] Black keeps a firm grip on the game.} (16. a4 $11) 16... Bd8 $1 $19 17. Rxc5 Bb6 18. Qd2 (18. Be3 $142 Bxc5 (18... Rxe3 $2 19. Nxe3 Bxc5 20. c3 $19) 19. Bxc5) 18... Bxc5 19. Qg5 Re1+ 20. Kh2 Bd6+ ({Not} 20... Bxf2 21. Qxg7#) 21. Nxd6 Qxd6+ 22. Bf4 Qe7 (22... Rxa1 $2 {loses.} 23. Bxd6 Re1 24. Bxf8 Kxf8 25. Qf4 $18) 23. Rxe1 Qxe1 24. Qc5 (24. Be3 $142) 24... Rc8 25. Qb6 Qe7 26. Bg3 Qd7 27. f3 h5 28. c4 Re8 {[%emt 0:00:42] Prevents Be5. aiming for ...Re2.} 29. d4 Qc6 30. Qa5 bxc4 31. Ba4 Qd5 32. Qxd5 Bxd5 33. Bxe8 Nxe8 34. Kg1 f6 35. Kf2 Kf7 36. Bb8 (36. Ke3 {might work better.}) 36... c3 {[%emt 0:00:00] Black is clearly winning.} 37. b3 (37. bxc3 $142 Bxa2 38. Bf4) 37... c2 38. Bf4 {[%emt 0:00:06] [#]} Nc7 $1 39. Ke2 (39. Bd2 Bc6) 39... Ne6 40. Be3 {[%emt 0:00:05] [#]} Nxd4+ $1 41. Kd2 Nf5 {[%emt 0:00:00] White must now prevent ...Nxe3.} 42. Bf2 g5 43. Kxc2 Nh4 44. g3 Nxf3 45. Kc3 Be6 46. h4 gxh4 47. gxh4 Kg6 {[%emt 0:00:00] Weighted Error Value: White=0.98/Black=0.80.  Loses game:     	White=1     	---        Mistake:       	White=5     	---        Inaccurate:     	White=1     	Black=2      OK:         	White=14    	Black=10     Best:        	White=1     	Black=3      Strong:       	---       	Black=1} 0-1

[Event "7th Sharjah Challengers 2024"]
[Site "Sharjah"]
[Date "2024.05.22"]
[Round "9.8"]
[White "Liyanage, Ranindu Dilshan"]
[Black "Wang, Yanbin"]
[Result "0-1"]
[ECO "D00"]
[WhiteElo "2362"]
[BlackElo "2415"]
[Annotator "TA"]
[PlyCount "52"]
[EventDate "2024.05.13"]
[EventType "swiss"]
[EventCountry "UAE"]
[SourceTitle "playchess.com"]
[Source "ChessBase"]
[SourceQuality "1"]
[TimeControl "5400+30"]

1. d4 Nf6 2. Nc3 d5 3. Bf4 a6 4. e3 e6 5. g4 h6 6. Qf3 {[%emt 0:05:26] D00: 1 d4 d5: Unusual lines.} b5 7. h4 b4 8. Nce2 c5 9. Ng3 (9. g5 $11 Nfd7 10. Bh3) 9... Bb7 10. g5 Ne4 11. gxh6 gxh6 12. Nxe4 (12. Bd3 $142 Nf6 13. O-O-O) 12... dxe4 $11 13. Qg3 Nd7 $146 (13... cxd4 $15 {is more appropriate.} 14. exd4 Nd7) ({Predecessor:} 13... Nc6 14. Bg2 Qd5 15. Ne2 cxd4 16. exd4 Ne7 17. Qb3 Rg8 18. Ng3 f5 19. Bf1 Rc8 {0-1 Meessen,R (2158)-Bischoff,K (2479) Wch Seniors 50 30th 2022 (2)}) 14. dxc5 $2 (14. O-O-O $11) 14... Qf6 15. Rd1 (15. O-O-O $142 Bg7 16. Rd4) 15... Qxb2 $19 (15... Nxc5 $2 16. Be5 $18) (15... Bxc5 16. Bc4 $17) 16. Ne2 Bxc5 (16... Nxc5 17. Be5 Qxc2 18. Nd4 Qc3+ (18... Qxa2 19. Bxh8 Rc8 20. Be2 $18) 19. Rd2 Nd3+ 20. Bxd3 exd3 21. Rg1 $17) 17. Bh3 Bd5 $2 (17... Qxa2 18. Qg7 O-O-O 19. Qxf7 $11) (17... O-O-O $19 18. Bc7 Rdf8) 18. Rg1 $2 (18. Rxd5 $1 $11 {and White is okay.} exd5 19. O-O) 18... Bc4 $19 (18... Bxa2 19. Bxh6 Qxc2 (19... Rxh6 $2 20. Qc7 $18) 20. Qc7 $11) (18... Qxc2 19. Qg7 Rf8 20. Rxd5 (20. Qxh6 $2 b3 $19) 20... exd5 21. Qa1 $19) (18... Qxa2 19. Qg4 $19 (19. Qg7 $2 Ke7 $19)) 19. Bd6 $2 (19. Qg7 {was forced.} Qxg7 (19... Qxa2 $2 20. Qxh8+ Nf8 21. Bxh6 $18) 20. Rxg7) 19... O-O-O $19 (19... Qxa2 $2 20. Qg8+ Nf8 21. Qxh8 $18) (19... Qxc2 20. Bf1 O-O-O (20... Qxa2 $2 21. Qg8+ Nf8 22. Bxc5 $18) 21. Rc1 Qxa2 22. Nd4 $19) 20. Bf1 Bb6 $2 (20... Bxd6 21. Qxd6 Ne5 (21... Qxc2 22. f3 $11) 22. Qc5+ Kb7 23. Qe7+ Kb6 (23... Kc8 $2 24. f4 $19) 24. Rd6+ Nc6) 21. Qg7 $2 (21. Nd4 Qc3+ (21... Bxa2 22. Bxa6#) (21... Qxa2 $2 22. Bxc4 Qxc4 23. Qf4 $19) 22. Rd2) 21... Qxg7 (21... Qxa2 $2 22. Ra1 $18) (21... Qxc2 $2 22. Rc1 Qxa2 23. Nd4 $18 (23. Bxb4 $2 Rhg8 $19)) 22. Rxg7 Ba5 (22... Bxa2 $2 23. Nc1 Nc5 24. Bxc5 (24. Nxa2 Ba5 $18) 24... Rxd1+ 25. Kxd1 Bxc5 26. Nxa2 $18 (26. Bxa6+ Kd8 $18)) 23. Rd4 $2 {[%emt 0:03:44] [#]} ({Much worse is} 23. Rd2 Nb6 (23... Bxa2 24. Nd4 $16) 24. Kd1 (24. Rxf7 $2 Rxd6 25. Rxd6 b3+ 26. c3 b2 $19) 24... b3 (24... Bxa2 25. Rd4 $19) 25. axb3 Bxd2 26. Kxd2 Rxd6+ $19) (23. Nc3 Bxf1 24. Kxf1 bxc3 25. Rd4) 23... b3+ $1 $19 ({Not} 23... Bxa2 24. Nc3 $11) 24. Kd1 b2 25. Rxc4+ Kb7 26. Nc3 Bxc3 0-1

[Event "7th Sharjah Challengers 2024"]
[Site "Sharjah"]
[Date "2024.05.22"]
[Round "9.9"]
[White "Nofal, Mohamed"]
[Black "Alizada, Pasham"]
[Result "0-1"]
[ECO "E60"]
[WhiteElo "1962"]
[BlackElo "2008"]
[Annotator "NA RC"]
[PlyCount "108"]
[EventDate "2024.05.13"]
[EventType "swiss"]
[EventCountry "UAE"]
[SourceTitle "playchess.com"]
[Source "ChessBase"]
[SourceQuality "1"]
[TimeControl "5400+30"]

1. d4 Nf6 2. c4 g6 3. Nf3 Bg7 4. e3 O-O 5. Be2 d5 6. cxd5 Nxd5 7. e4 Nb6 8. O-O c5 9. d5 e6 10. dxe6 Bxe6 11. Nc3 Nc6 12. Qxd8 Rfxd8 13. Bg5 f6 14. Be3 Nd4 15. Bxd4 cxd4 16. Nb5 d3 17. Bd1 Rd7 18. Bb3 Re8 19. Nbd4 Bxb3 20. Nxb3 Na4 21. Nfd2 Nxb2 22. f4 Na4 23. Rac1 Bf8 24. Kf2 Ba3 25. Rc4 Nb2 26. Rc3 Na4 27. Rc4 Nb6 28. Rc3 Bb4 29. Rcc1 a5 30. Rfd1 Na4 31. e5 Ba3 32. Ne4 Rf8 33. Nxf6+ Rxf6 34. exf6 Bxc1 35. Nxc1 d2 36. Nb3 Nc3 37. Rxd2 Ne4+ 38. Ke3 Nxd2 39. Nxd2 Kf7 40. Ne4 h5 41. g3 b5 42. h3 b4 43. g4 a4 44. g5 b3 45. axb3 a3 46. Nc3 Rb7 47. Kd3 Rxb3 48. Kc2 Rb2+ 49. Kc1 Rf2 50. Kb1 Rxf4 51. Ka2 Rf3 52. Ne4 Rxh3 53. Nd6+ Kf8 54. Nc4 Rg3 0-1

[Event "7th Sharjah Challengers 2024"]
[Site "Sharjah"]
[Date "2024.05.22"]
[Round "9.10"]
[White "Ammar, Sedrani"]
[Black "Harsh Suresh"]
[Result "0-1"]
[ECO "A64"]
[WhiteElo "2194"]
[BlackElo "2417"]
[Annotator "TA"]
[PlyCount "108"]
[EventDate "2024.05.13"]
[EventType "swiss"]
[EventCountry "UAE"]
[SourceTitle "playchess.com"]
[Source "ChessBase"]
[SourceQuality "1"]
[TimeControl "5400+30"]

1. d4 Nf6 2. c4 c5 3. d5 e6 4. g3 d6 5. Bg2 exd5 6. cxd5 g6 7. Nc3 Bg7 8. Nf3 O-O 9. O-O Re8 10. Nd2 Nbd7 11. h3 a6 12. a4 b6 {[%emt 0:00:47] A64: Modern Benoni: Fianchetto Variation: 9...Nbd7 10 Nd2 a6 11 a4 Re8.} 13. Nc4 Ne5 14. Na3 Rb8 ({Better is} 14... Nh5 $1 $15) 15. Kh2 ({White should try} 15. f4 $14 Ned7 16. Kh2) 15... Re7 $146 (15... Bd7 $11 {remains equal.}) ({Predecessor:} 15... Qc7 16. f4 Ned7 17. e4 h5 18. Qd3 h4 19. g4 g5 20. fxg5 Ne5 21. Qe2 Nh7 {0-1 Ovchinnikov,V (2426)-Zhigalko,S (2572) Titled Tuesday intern op 22nd Aug Early blitz 2023 (3)}) 16. f4 Ned7 17. Qd3 (17. Qc2 $16) 17... Ne8 (17... c4 $1 $11 18. Qd1 (18. Nxc4 Nc5 $11) (18. Qxc4 Bb7 $11) 18... Re8) 18. Bd2 (18. e4 $16) 18... Nc7 (18... f5 $11) 19. e4 Re8 20. Rfe1 Nf8 21. Bf1 h5 22. Qf3 h4 23. Bd3 b5 24. axb5 axb5 25. Naxb5 Nxb5 26. Nxb5 Qd7 27. Qf1 hxg3+ 28. Kxg3 Bxb2 (28... Qe7 $11) 29. Ra7 $16 Rb7 30. Rxb7 ({White should play} 30. Ra6 $16) 30... Bxb7 $11 31. Rb1 Bg7 32. Nxd6 Qxd6 33. Rxb7 Nh7 34. Qb1 (34. Bc2 $14 Nf6 35. Qc4) 34... Nf6 $11 35. Rb6 Qd8 36. Qb5 c4 (36... Nxe4+ $2 37. Bxe4 Qa8 (37... Rxe4 $2 38. Rb8 $18) 38. Bf3 $18) 37. Bc2 c3 (37... Nxe4+ 38. Bxe4 c3 (38... Rxe4 $2 39. Rb8 $18) 39. Be3 (39. Rd6 $2 Qe7 $19) 39... Rxe4 40. Rb8 Rxe3+ 41. Kf2 $11) 38. Bc1 Kh7 39. Kf3 (39. e5 $5 Nh5+ $8 (39... Nxd5 $2 40. Rd6 $18) 40. Kf3 $16) 39... Qc8 40. Qf1 Qd8 41. Rb5 (41. Rb4 $1 $16) 41... Qd7 {[%emt 0:00:12] [#]} (41... Nxe4 $11 42. Bxe4 Qh4) 42. Be3 (42. Ra5 $1 $16) 42... Ra8 $11 43. Bd3 Ra2 44. Bc4 $2 {[%emt 0:00:00][%mdl 8192] [#]} (44. Rb6 $11) 44... Ra1 $1 $19 ({Stronger than} 44... Rh2 45. Kg3 Rd2 (45... Nxe4+ $2 {loses.} 46. Kxh2 Nd6 47. Rc5 $18) 46. Bxd2 Nxe4+ 47. Kg2 cxd2 48. Bb3 $11) 45. Qxa1 Qxh3+ 46. Ke2 Qg2+ 47. Ke1 Ng4 48. Qc1 Qxe4 49. Bf1 Nxe3 ({Worse is} 49... Qxe3+ 50. Qxe3 Nxe3 51. Rc5 $16) 50. Kf2 Qxf4+ 51. Ke2 Qg4+ 52. Kd3 Qd4+ 53. Ke2 c2 54. Qd2 Qc4+ 0-1